 Dungeon Crawl Stone Soup version 0.27.0-1-g7a089689b8 (webtiles) character file.

Game seed: 5754037131046294605

1 rogsnak the Ruffian (level 1, 0/16 HPs)
             Began as a Draconian Transmuter on Aug 5, 2021.
             Slain by a jackal (1 damage)
             ... on level 1 of the Dungeon.
             The game lasted 00:00:23 (84 turns).

rogsnak the Ruffian (Draconian Transmuter)            Turns: 84, Time: 00:00:23

Health: 0/16       AC:  4    Str: 12    XL:     1   Next: 16%
Magic:  3/3        EV: 12    Int: 13    God:
Gold:   16         SH:  0    Dex: 11    Spells: 3/4 levels left

rFire    . . .     SeeInvis .     - Unarmed
rCold    . . .     Faith    .   (no shield)
rNeg     . . .     Spirit   .   (armour unavailable)
rPois    .         Reflect  .   (helmet restricted)
rElec    .         Harm     .   (no cloak)
rCorr    .         Rampage  .   (no gloves)
Will     .....                  (no boots)
Stlth    +.........             (no amulet)
HPRegen  0.05/turn              (no ring)
MPRegen  0.08/turn              (no ring)

@: no status effects
A: AC +4, unfitting armour, cold-blooded
a: no special abilities


You were on level 1 of the Dungeon.
You visited 1 branch of the dungeon, and saw 1 of its levels.

You collected 16 gold pieces.

Inventory:

Scrolls
 a - a scroll of identify {unknown}
 b - a scroll of teleportation {unknown}


   Skills:
 + Level 1.1 Fighting
 + Level 1.7 Dodging
 + Level 3.0 Unarmed Combat
 + Level 2.0 Spellcasting
 + Level 2.0 Transmutations


You had 3 spell levels left.
You knew the following spells:

 Your Spells              Type           Power      Damage    Failure   Level
a - Beastly Appendage     Tmut           12%        N/A       11%         1

Your spell library contained the following spells:

 Spells                   Type           Power      Damage    Failure   Level
 Wereblood                Tmut           6%         N/A       17%         2
 Spider Form              Tmut/Pois      1%         N/A       45%         3
 Ice Form                 Ice/Tmut       3%         N/A       86%         4


Dungeon Overview and Level Annotations

Branches:
Dungeon (1/15)

Altars:


Innate Abilities, Weirdness & Mutations

Your plain brown scales are hard. (AC +4)
You cannot fit into any form of body armour.
You are cold-blooded and may be slowed by cold attacks.


Message History

The bat closely misses you.
There is a stone staircase leading down here.
The bat hits you. The bat hits you but does no damage.
The bat hits you but does no damage. The bat hits you but does no damage.
The jackal bites you but does no damage.
The jackal bites you. The bat hits you but does no damage. x2
The bat hits you but does no damage. The bat closely misses you.
The jackal bites you. The bat barely misses you. The jackal closely misses you.
The jackal misses you. The bat hits you but does no damage.
The bat barely misses you. x2
The jackal misses you.
The jackal bites you but does no damage.
The bat hits you.
The quokka bites you but does no damage.
The jackal closely misses you.
The jackal bites you but does no damage.
The bat hits you but does no damage. The kobold hits you but does no damage.
The quokka bites you. The bat closely misses you.
The bat hits you but does no damage. The jackal barely misses you.
The jackal completely misses you. The jackal bites you.
The quokka bites you but does no damage.
The jackal closely misses you. The kobold hits you but does no damage.
The bat hits you but does no damage. The jackal completely misses you.
The bat completely misses you. The jackal misses you.
The quokka closely misses you. The kobold hits you with a +0 dagger.
* * * LOW HITPOINT WARNING * * *
The bat hits you but does no damage.
The jackal bites you but does no damage.
The jackal closely misses you.
The quokka bites you but does no damage.
The kobold hits you but does no damage.
The jackal bites you but does no damage.
The jackal bites you.
* * * LOW HITPOINT WARNING * * *
The bat closely misses you. The quokka misses you. The jackal bites you.
You die...

...
###.#####..
..(.##....#
..........#
..###..>.#
#....####..
#..........
#..b!####..
#.hhr#
#.K@.#
#...b#
######


You could see a quokka, 2 jackals, 2 bats and a kobold.

Vanquished Creatures
  A goblin (D:1)
1 creature vanquished.

Notes
Turn   | Place    | Note
-------+----------+-------------------------------------------
     0 | D:1      | rogsnak the Draconian Transmuter began the quest for the
                  | Orb.
     0 | D:1      | Reached XP level 1. HP: 16/16 MP: 3/3
    84 | D:1      | Slain by a jackal

Illustrated notes

Levels and vault maps discovered:
D:1:      beargit_arrival_greenhouse, layout_rooms

Action                   || total
-------------------------++-------
Melee: Unarmed           ||     1
       Tailslap          ||     1
Armor: Skin              ||    30
Dodge: Dodged            ||    31
